 Dungeon Crawl Stone Soup version 0.19.1 (webtiles) character file.

361 ImaNewbie the Magician (level 6, 0/45 HPs)
             Began as a Draconian Wizard on Nov 29, 2016.
             Slain by Millan's ghost (8 damage)
             ... on level 4 of the Dungeon.
             The game lasted 00:18:07 (4507 turns).

ImaNewbie the Magician (Draconian Wizard)           Turns: 4507, Time: 00:18:08

Health: 0/45       AC:  7    Str:  9    XL:     6   Next: 38%
Magic:  6/13       EV: 17    Int: 21    God:
Gold:   218        SH:  0    Dex:  9    Spells: 4 memorised, 7 levels left

rFire  . . .     SeeInvis .     a - +0 dagger
rCold  . . .     Gourm    .     (armour unavailable)
rNeg   + . .     Faith    .     (no shield)
rPois  .         Spirit   .     e - +1 hat
rElec  .         Reflect  .     (no cloak)
rCorr  .         Harm     .     (no gloves)
MR     .....                    (no boots)
Stlth  ++........               (no amulet)
                                p - +5 ring of evasion
                                n - ring of positive energy

@: very slightly contaminated
A: unfitting armour, cold-blooded, AC +6
a: no special abilities


You were on level 4 of the Dungeon.
You were not hungry.

You visited 1 branch of the dungeon, and saw 4 of its levels.

You collected 218 gold pieces.

Inventory:

Hand Weapons
 a - a +0 dagger (weapon)
 b - a +0 blowgun
Missiles
 l - 7 poisoned needles
Armour
 e - a +1 hat (worn)
Jewellery
 n - a ring of positive energy (left hand)
 p - a +5 ring of evasion (right hand)
 u - the ring of Kicuju {*Tele rC+}
   (You found it on level 4 of the Dungeon)

   [ring of teleportation]

   It may teleport you next to monsters.
   It protects you from cold.
Wands
 w - a wand of flame (34/48)
Scrolls
 d - a scroll of enchant weapon {unknown}
 i - 2 scrolls of blinking
 m - 2 scrolls of teleportation
 r - 2 scrolls of enchant armour
 v - a scroll of identify
Potions
 j - a potion of berserk rage
 o - a potion of brilliance
 t - 3 potions of curing
Books
 g - a book of Changes

   Spells                             Type                      Level
   a - Beastly Appendage              Transmutation                1
   b - Sticks to Snakes               Transmutation                2
   c - Spider Form                    Transmutation/Poison         3
   d - Ice Form                       Ice/Transmutation            4
   e - Blade Hands                    Transmutation                5
 h - a book of Minor Magic

   Spells                             Type                      Level
   a - Magic Dart                     Conjuration                  1
   b - Blink                          Translocation                2
   c - Call Imp                       Summoning                    2
   d - Repel Missiles                 Charms/Air                   2
   e - Slow                           Hexes                        2
   f - Conjure Flame                  Conjuration/Fire             3
   g - Mephitic Cloud                 Conjuration/Poison/Air       3
Comestibles
 c - 3 bread rations
 k - 2 beef jerkies
 q - 6 chunks of flesh
 s - a meat ration


   Skills:
 - Level 1.7 Dodging
 - Level 1.7 Stealth
 + Level 5.1 Spellcasting
 + Level 4.7 Conjurations
 - Level 1.0 Summonings
   Level 1.0 Translocations


You had 7 spell levels left.
You knew the following spells:

 Your Spells              Type           Power        Failure   Level  Hunger
a - Magic Dart            Conj           ####         1%          1    None
b - Call Imp              Summ           #.......     12%         2    None
c - Repel Missiles        Chrm/Air       #.....       17%         2    None
d - Conjure Flame         Conj/Fire      ###.....     14%         3    ##.....


Dungeon Overview and Level Annotations

Branches:
Dungeon (4/15)
 Temple: D:4-7

Altars:
Ashenzari
Gozag
Ru
Trog

Annotations:
D:4 Millan's ghost, novice FoFi


Innate Abilities, Weirdness & Mutations

Your plain brown scales are hard. (AC +6)
You cannot fit into any form of body armour.
You are cold-blooded and may be slowed by cold attacks.


Message History

* * * LOW HITPOINT WARNING * * *
Millan's ghost misses you.
Your shadow imp hits Millan's ghost.
You see here 3 arrows.
Your shadow imp barely misses Millan's ghost.
Your crimson imp blinks!
Your shadow imp hits Millan's ghost but does no damage.
The centaur shoots an arrow.
The arrow closely misses your shadow imp.
The arrow hits Millan's ghost!
Your crimson imp blinks!
The centaur shoots an arrow.
The arrow barely misses your shadow imp.
The arrow hits Millan's ghost.
Your crimson imp hits Millan's ghost but does no damage.
Millan's ghost whispers, "Soon you will have time, lots of time..."
Your crimson imp barely misses Millan's ghost.
There is a stone staircase leading up, spattered with blood here.
Your shadow imp disappears in a puff of smoke!
Millan's ghost hits you!
You die...

##.# #####'##..........##......<
...# #...#÷.#########..##.#####.
.#.# #...##.......# #..##.# #.
_..####...##..##........##.# #.
.#........##..#########.##.#####.
.#####....##...# #.##.......
.#...........#.## #.#########
##.####.....$#..#######.# #
#............@.......# #
#......##.##.#W5.....# #
#..#...##.##..§......# #
####.####.....(......# + ...#
#.....(......# #
###+#'####.....(c.....# #
#..............(......#
###........######.......#
..#.........# #.......#


You could see a centaur, Millan's ghost and a friendly crimson imp.

Vanquished Creatures
  Ijyb (D:2)
  Natasha (thrice) (D:3)
  3 worker ants
  4 adders
  2 oozes
  2 worms (D:3)
  4 dart slugs
  6 leopard geckos
  3 orcs (D:2)
  2 ball pythons
  3 giant cockroaches
  5 goblins
  8 hobgoblins
  6 jackals
  2 quokkas
  7 bats
  9 frilled lizards
  7 kobolds
  9 rats
86 creatures vanquished.

Vanquished Creatures (collateral kills)
  Blork the orc (D:4)
  An adder (D:4)
2 creatures vanquished.

Grand Total: 88 creatures vanquished

Notes
Turn   | Place    | Note
-------+----------+-------------------------------------------
     0 | D:1      | ImaNewbie the Draconian Wizard began the quest for the Orb.
     0 | D:1      | Reached XP level 1. HP: 14/14 MP: 4/4
   118 | D:1      | Reached XP level 2. HP: 9/20 MP: 1/6
   786 | D:1      | Reached XP level 3. HP: 21/26 MP: 0/8
  1628 | D:2      | Reached XP level 4. HP: 33/33 MP: 4/9
  1734 | D:2      | Found a bloodstained altar of Trog.
  1736 | D:2      | Found a sacrificial altar of Ru.
  1812 | D:2      | Learned a level 2 spell: Call Imp
  1815 | D:2      | Learned a level 2 spell: Repel Missiles
  1819 | D:2      | Learned a level 3 spell: Conjure Flame
  1821 | D:2      | Noticed Ijyb
  1877 | D:2      | Reached skill level 4 in Spellcasting
  1976 | D:2      | Killed Ijyb
  2281 | D:3      | Found an opulent altar of Gozag.
  2583 | D:3      | Noticed Natasha
  2593 | D:3      | Killed Natasha
  2593 | D:3      | Reached XP level 5. HP: 38/38 MP: 2/11
  2609 | D:3      | Noticed Natasha
  2618 | D:3      | Killed Natasha
  2788 | D:3      | Noticed Natasha
  2791 | D:3      | Killed Natasha
  3162 | D:4      | Noticed Blork the orc
  3472 | D:4      | Found a shattered altar of Ashenzari.
  3483 | D:4      | Noticed Millan's ghost (novice FoFi)
  3886 | D:4      | Reached XP level 6. HP: 29/45 MP: 4/13
  4152 | D:4      | Killed Blork the orc
  4152 | D:4      | Reached skill level 5 in Spellcasting
  4199 | D:4      | Got a fine silver ring
  4201 | D:4      | Identified the ring of Kicuju {*Tele rC+} (You found it on level 4 of the Dungeon)
  4507 | D:4      | Slain by Millan's ghost

Skill      XL: |  1  2  3  4  5  6 |
---------------+-------------------+-----
Conjurations   | 2 3 4 |  4.7
Spellcasting   | 4 5 |  5.1
Dodging        | |  1.7
Stealth        | |  1.7
Summonings     | |  1.0
Translocations | |  1.0

Action                   |  1- 3 |  4- 6 || total
-------------------------+-------+-------++-------
Melee: Unarmed           |    36 |       ||    36
       Tailslap          |     6 |     4 ||    10
       Short sword       |    14 |       ||    14
       Dagger            |    17 |    57 ||    74
 Cast: Magic Dart        |    81 |   112 ||   193
       Call Imp          |       |    11 ||    11
  Use: Scroll            |     6 |     7 ||    13
       Potion            |       |     1 ||     1
 Stab: Sleeping          |     1 |     1 ||     2
  Eat: Chunk             |     2 |     8 ||    10
       Fruit             |       |     1 ||     1
Armor: Skin              |    24 |    37 ||    61
Dodge: Dodged            |    63 |    85 ||   148
